 Dungeon Crawl Stone Soup version 0.25.1-8-g42b30a86e7 (webtiles) character file.

Game seed: 1301771504306262413

1934 Destapler the Stinger (level 9, -2/79 HPs)
             Began as a Naga Transmuter on Dec 18, 2020.
             Slain by an orc warrior
             ... wielding a +2 mace of protection
              (19 damage)
             ... on level 6 of the Dungeon.
             The game lasted 00:40:05 (6393 turns).

Destapler the Stinger (Naga Transmuter)             Turns: 6393, Time: 00:40:07

Health: -2/79      AC:  2    Str: 13    XL:     9   Next: 17%
Magic:  10/13      EV: 19    Int: 16    God:
Gold:   249        SH:  5    Dex: 17    Spells: 4/14 levels left

rFire    . . .     SeeInvis +     - Unarmed
rCold    . . .     Gourm    .   (shield currently unavailable)
rNeg     . . .     Faith    .   (armour currently unavailable)
rPois    x         Spirit   .   (helmet currently unavailable)
rElec    .         Reflect  +   (cloak currently unavailable)
rCorr    .         Harm     .   (gloves currently unavailable)
MR       +....                  (no barding)
Stlth    +++.......             c - amulet of reflection
HPRegen  0.23/turn              l - ring of wizardry
MPRegen  0.13/turn              (no ring)

@: spider-form
A: tiny, see invisible, slow metabolism 1, spit poison 1, AC +3
a: Spit Poison, End Transformation


You were on level 6 of the Dungeon.
You were not hungry.
You were a venomous arachnid creature.
You visited 1 branch of the dungeon, and saw 6 of its levels.

You collected 431 gold pieces.
You spent 182 gold pieces at shops.

Inventory:

Hand Weapons
 a - a +3 dagger of draining
Missiles
 z - 2 poisoned darts (quivered)
 B - 22 arrows
Armour
 f - a +2 leather armour of poison resistance (melded)
 w - a scarf of invisibility (melded)
 y - a +0 helmet
Magical Staves
 D - an uncursed staff of wizardry (melded)
Jewellery
 c - an amulet of reflection (around neck)
 l - a ring of wizardry (left front leg)
Wands
 s - a wand of iceblast (12)
 H - a wand of acid (7)
Scrolls
 j - a scroll of identify
 k - 3 scrolls of amnesia
 o - a scroll of remove curse {unknown}
 p - 2 scrolls of teleportation {unknown}
 v - 2 scrolls of fog
 x - 2 scrolls of immolation
 C - a scroll of acquirement {unknown}
 E - a scroll of enchant weapon
Potions
 b - a potion of magic {unknown}
 e - 3 potions of curing
 g - a potion of flight {unknown}
 h - 3 potions of lignification
 m - a potion of haste {unknown}
 n - a potion of mutation {unknown}
 q - a potion of ambrosia {unknown}
 r - a potion of berserk rage {unknown}
 t - 2 potions of heal wounds
 u - 3 potions of brilliance
 A - a potion of might {unknown}
 F - a potion of cancellation {unknown}
Comestibles
 d - 7 rations


   Skills:
 + Level 4.4 Fighting
 + Level 4.3 Short Blades
 - Level 0.4 Throwing
 - Level 2.0 Armour
 - Level 2.0 Dodging
 - Level 4.0 Stealth
 - Level 5.0 Unarmed Combat
 - Level 3.0 Spellcasting
 - Level 5.0 Transmutations
 - Level 6.0 Poison Magic
 - Level 3.0 Evocations


You had 4 spell levels left.
You knew the following spells:

 Your Spells              Type           Power        Failure   Level  Hunger
a - Beastly Appendage     Tmut           ###...       3%          1    #......
b - Ice Form              Ice/Tmut       ##......     41%         4    #####..
c - Sticks to Snakes      Tmut           ###.....     4%          2    ##.....
s - Spider Form           Tmut/Pois      ###.......   7%          3    ###....

Your spell library contained the following spells:

 Spells                   Type           Power        Failure   Level  Hunger
 Blade Hands              Tmut           ###.......   41%         5    ######.


Dungeon Overview and Level Annotations

Branches:
Dungeon (6/15)
 Temple: D:4-7

Altars:
Kikubaaqudgha
Makhleb
Nemelex Xobeh
Okawaru
Qazlal
Vehumet

Shops:
D:5 =   D:6 *


Innate Abilities, Weirdness & Mutations

You cannot wear boots.
((Your serpentine skin is tough. (AC +3)))
You have supernaturally acute eyesight. (SInv)
((Armour fits poorly on your strangely shaped body.))
((Your system is resistant to poisons. (rPois)))
((You cover ground very slowly.))
You have a slow metabolism.
You can spit poison.


Message History

The orc warrior hits you with a +2 mace of protection.
* * * LOW HITPOINT WARNING * * *
The centaur wields a +0 shortbow.
The centaur shoots an arrow.
The arrow misses you.
You see here an arrow.
Your transformation has ended.
Your uncursed staff of wizardry unmelds from your body.
Your scarf of invisibility unmelds from your body.
Your +2 leather armour of poison resistance unmelds from your body.
You become transparent for a moment.
You feel resistant to poison. You block the orc warrior's attack.
The orc warrior looks more healthy.
Casting: Spider Form (mildly dangerous; 2% risk of failure)
Confirm with . or Enter, or press ? or * to list all spells.
You turn into a venomous arachnid creature.
Your uncursed staff of wizardry melds into your body.
Your scarf of invisibility melds into your body.
Your +2 leather armour of poison resistance melds into your body.
The orc warrior hits you with a +2 mace of protection!!
You die...

,,,,,,,,,,..# *,..#
*****,****#.## ###+#.# * *,,*
#..######.'∩'.##### * #,,*
#.........#'#.....# **##.,*
#..####.#*#.#####.#
,,....#####.#####.# #.# #.#
,,..........l.(##.# #.#####<##
***###....####c##.###........#
#.........os......#.##..#
#.#..###.##..####.......#
#,#.####.##### ###.#...#
*...#..#.#.o# #..)).####
#.#.#...#o..#** ###.......
*****#...####)####,*
#####.##### ,,,,,.,..* #.#.#
#.####.....#
**,*#**,,**##,##*#..........#
*,*
*,**,*,,,*,#.####.#########


You could see an orc warrior, a centaur and an iguana.

Vanquished Creatures
  Pikel (D:4)
  Sigmund (D:2)
  An orc warrior (D:6)
  2 ice beasts (D:5)
  A slave (D:4)
  2 sky beasts
  An ogre (D:4)
  A centaur (D:5)
  A gnoll sergeant (D:5)
  A centaur zombie (D:5)
  An orc priest (D:6)
  2 bullfrog skeletons
  A hound (D:6)
  An iguana (D:5)
  Jessica (D:2)
  Ijyb (D:4)
  3 orc wizards (D:6)
  3 worker ants (D:5)
  Robin (D:2)
  8 gnolls
  8 adders
  An ooze (D:1)
  An adder skeleton (D:5)
  3 worms
  3 dart slugs
  2 leopard geckos
  8 orcs
  A ball python (D:2)
  5 giant cockroaches
  19 goblins
  9 hobgoblins
  4 kobolds
  A quokka (D:5)
  7 bats
  6 frilled lizards
  2 leopard gecko skeletons
  7 rats
121 creatures vanquished.

Notes
Turn   | Place    | Note
-------+----------+-------------------------------------------
     0 | D:1      | Destapler the Naga Transmuter began the quest for the Orb.
     0 | D:1      | Reached XP level 1. HP: 18/18 MP: 3/3
   334 | D:1      | Reached XP level 2. HP: 25/25 MP: 3/5
   503 | D:1      | Reached skill level 1 in Stealth
  1022 | D:2      | Noticed Sigmund
  1076 | D:1      | Reached XP level 3. HP: 23/31 MP: 4/6
  1096 | D:2      | Noticed Jessica
  1113 | D:2      | Killed Jessica
  1290 | D:2      | Reached XP level 4. HP: 38/38 MP: 5/7
  1400 | D:2      | Killed Sigmund
  1400 | D:2      | Reached skill level 1 in Armour
  1400 | D:2      | Reached XP level 5. HP: 28/44 MP: 8/8
  1431 | D:1      | Learned a level 3 spell: Spider Form
  1537 | D:2      | Reached XP level 6. HP: 45/51 MP: 9/9
  1757 | D:2      | Reached skill level 1 in Poison Magic
  1930 | D:2      | Noticed Robin
  1941 | D:2      | Killed Robin
  2010 | D:2      | Found an iron altar of Okawaru.
  2622 | D:3      | Reached skill level 2 in Poison Magic
  2853 | D:3      | Found a burning altar of Makhleb.
  2853 | D:3      | Noticed a blizzard demon
  3121 | D:3      | Reached skill level 1 in Evocations
  3131 | D:3      | Found an ancient bone altar of Kikubaaqudgha.
  3134 | D:3      | Found a radiant altar of Vehumet.
  3138 | D:3      | Found a sparkling altar of Nemelex Xobeh.
  3287 | D:3      | Found a stormy altar of Qazlal.
  3419 | D:4      | You fall into a shaft and drop 1 floor!
  3419 | D:5      | Entered Level 5 of the Dungeon
  3444 | D:5      | Reached skill level 3 in Poison Magic
  3444 | D:5      | Reached XP level 7. HP: 39/57 MP: 8/10
  3573 | D:5      | Reached skill level 4 in Poison Magic
  4081 | D:5      | Reached skill level 5 in Poison Magic
  4592 | D:4      | Noticed Pikel
  4629 | D:4      | Killed Pikel
  4629 | D:4      | Reached skill level 5 in Transmutations
  4629 | D:4      | Reached skill level 6 in Poison Magic
  4629 | D:4      | Reached skill level 1 in Short Blades
  4629 | D:4      | Reached XP level 8. HP: 25/67 MP: 10/12
  4884 | D:4      | Noticed Ijyb
  4897 | D:4      | Killed Ijyb
  5740 | D:5      | Found Lutyuv's Jewellery Shop.
  5777 | D:5      | Reached skill level 5 in Unarmed Combat
  5904 | D:6      | Learned a level 4 spell: Ice Form
  5907 | D:6      | Learned a level 2 spell: Sticks to Snakes
  5916 | D:6      | Reached XP level 9. HP: 63/78 MP: 10/13
  6201 | D:6      | Found Casatack's Assorted Antiques.
  6222 | D:6      | Bought a golden potion for 27 gold pieces
  6222 | D:6      | Bought a scroll labeled ECAIDDI BEARA VIY for 31 gold
                  | pieces
  6222 | D:6      | Bought a runed ivory wand for 124 gold pieces
  6393 | D:6      | Slain by an orc warrior

Illustrated notes

Levels and vault maps discovered:
D:1:      ncdulo_lavacross, layout_loops_ring, serial_forest,
          infiniplex_forest_lined_ring, infiniplex_forest_straight_3,
          infiniplex_forest_straight_3, infiniplex_forest_diagonal,
          infiniplex_forest_clump_double, infiniplex_forest_end_1,
          infiniplex_forest_lined_1, roderic_malta_cross
D:2:      kennysheep_big_flooded_room, layout_basic, okawaru_gym_becter,
          uniq_sigmund, uniq_robin, uniq_jessica
D:3:      layout_loops_ring, makhleb_altar_promises_db, marbit_many_paths,
          minitemple
D:4:      layout_basic, first_ration, uniq_pikel, uniq_ijyb
D:5:      layout_loops_ring, serial_shops, nicolae_shop_behind_doors
D:6:      layout_loops_ring, serial_shops, nicolae_shop_behind_doors,
          wad_rectangle_vault

Skill      XL: |  1  2  3  4  5  6  7  8  9 |
---------------+----------------------------+-----
Stealth        | 1 2 3 4 |  4.0
Dodging        | 2 |  2.0
Armour         | 1 2 |  2.0
Transmutations | 3 5 |  5.0
Poison Magic   | 3 6 |  6.0
Evocations     | 1 3 |  3.0
Spellcasting   | 3 |  3.0
Short Blades   | 1 3 4 |  4.3
Unarmed Combat | 4 5 |  5.0
Fighting       | 3 4 |  4.4
Throwing       | |  0.4

Action                   |  1- 3 |  4- 6 |  7- 9 || total
-------------------------+-------+-------+-------++-------
Melee: Unarmed           |    91 |    60 |    94 ||   245
       Headbutt          |     9 |    18 |    19 ||    46
       Punch             |     1 |     2 |     2 ||     5
       Dagger            |       |   112 |   107 ||   219
       Staff             |       |       |    30 ||    30
Throw: Dart              |     4 |    19 |    11 ||    34
 Cast: Beastly Appendage |    18 |    32 |    16 ||    66
       Spider Form       |       |       |    11 ||    11
 Abil: Spit Poison       |     2 |     3 |     5 ||    10
Evoke: Wand              |       |       |     2 ||     2
  Use: Potion            |       |     1 |     1 ||     2
       Scroll            |       |     7 |     4 ||    11
 Stab: Sleeping          |       |     4 |     2 ||     6
  Eat: Chunk             |     1 |     7 |     2 ||    10
       Ration            |       |       |     2 ||     2
Armor: Robe              |     5 |       |       ||     5
       Leather armour    |    28 |    55 |    25 ||   108
       Skin              |       |       |    65 ||    65
Dodge: Dodged            |    37 |    67 |   146 ||   250
Block: Other             |    15 |    35 |    56 ||   106
       Reflection        |     1 |     5 |     1 ||     7
